[Event "*** SCC Grand Prix: Titled Tuesday Blitz"]
[Site "Chess.com"]
[Date "2020.07.14"]
[Round "1"]
[White "severomorskij"]
[Black "eightbyeightchess"]
[Result "1-0"]
[WhiteElo "2749"]
[BlackElo "2391"]
[TimeControl "180+1"]
[EndTime "10:07:51 PDT"]
[Termination "severomorskij won by resignation"]

1. d4 d5 2. c4 c6 3. Nc3 Nf6 4. Nf3 dxc4 5. a4 Bf5 6. Nh4 Bg4 7. h3 Bh5 8. g4 Bg6 9. Nxg6 hxg6 10. e4 e6 11. Bxc4 Bb4 12. e5 Ne4 13. Qd3 Nxc3 14. bxc3 Be7 15. O-O Nd7 16. a5 b5 17. Bxe6 fxe6 18.
Qxg6+ Kf8 19. Qxe6 Qe8 20. Kg2 Rd8 21. Qxc6 Rc8 22. Qf3+ Kg8 23. Bd2 Kh7 24. Qe4+ g6 25. f4 Rf8 26. f5 Nb8 27. Rae1 Qc6 28. d5 Qc4 29. f6 Qxe4+ 30. Rxe4 Bc5 31. g5 Rcd8 32.
e6 Rxd5 33. Bc1 Nc6 34. e7 Nxe7 35. fxe7 Re8 36. Be3 Rxe7 37. Rxe7+ Bxe7 38. Rf7+ Kg8 39. Rxe7 Rd3 40. Bd4 b4 41. Rg7+ Kf8 42. Rxa7 bxc3 43. Bg7+ Ke8 44. Rc7 Rd2+ 45. Kf3 c2 46. a6 Rd7 47.
Rc8+ Kf7 48. Bb2 Ra7 49. Rc6 Rxa6 50. Rxa6 1-0

[Event "*** SCC Grand Prix: Titled Tuesday Blitz"]
[Site "Chess.com"]
[Date "2020.07.14"]
[Round "1"]
[White "Ati1517"]
[Black "bgfbfbgfbgfgf"]
[Result "0-1"]
[WhiteElo "2342"]
[BlackElo "2661"]
[TimeControl "180+1"]
[EndTime "10:07:51 PDT"]
[Termination "bgfbfbgfbgfgf won by resignation"]

1. d4 Nf6 2. c4 g6 3. Nc3 c5 4. d5 Bg7 5. e4 d6 6. Nf3 O-O 7. h3 e6 8. Bd3 Nbd7 9. O-O e5 10.
Be3 Nh5 11. Qd2 f5 12. Bh6 f4 13. Bxg7 Kxg7 14. Nh2 g5 15. Be2 Nhf6 16. Ng4 h5 17. Nxf6 Nxf6 18. f3 Rh8 19. Kf2 g4 20.
Rh1 Bd7 21. Qd1 Qe8 22. Ke1 Qg6 23. Kd2 Kf7 24. Qb3 b6 25. Nb5 Ke7 26. a4 Rab8 27.
Nxa7 gxh3 28. gxh3 Rhg8 29. Raf1 h4 30. Nb5 Nh5 31.
Qd1 Ng3 32. Rfg1 Qf6 33. Rh2 Rg7 34. Bd3 Rbg8 35. b3 Nxe4+ 36. Bxe4 Rxg1 37. Qe2 Bxb5 38. cxb5 Qg5 39. Kc3 Qg3 40. Bc2 Qe1+ 41. Qxe1 Rxe1 42. Be4 Re3+ 43. Kc2 Rg1 44. Rf2 Kd7 45. Bf5+ Kc7 46. Be4 Rg3 47. Bf5 Rgxf3 48. Rg2 Rg3 49. Rf2 0-1

[Event "*** SCC Grand Prix: Titled Tuesday Blitz"]
[Site "Chess.com"]
[Date "2020.07.14"]
[Round "1"]
[White "Nara_Kh"]
[Black "AleksanderHnydiuk"]
[Result "0-1"]
[WhiteElo "2268"]
[BlackElo "2582"]
[TimeControl "180+1"]
[EndTime "10:07:51 PDT"]
[Termination "AleksanderHnydiuk won on time"]

1. e4 c5 2. Be2 g6 3. f4 Bg7 4. Nf3 Nc6 5. O-O e6 6. d3 Nge7 7. c3 O-O 8. Be3 b6 9. d4 cxd4 10. cxd4 d5 11. e5 Na5 12. b3 Bb7 13. Nc3 Rc8 14.
Rc1 Qd7 15. Qd2 a6 16. Na4 Qd8 17. Qb4 b5 18. Nc5 Nac6 19. Qd2 Rc7 20. a4 bxa4 21.
bxa4 Qa8 22. a5 Rfc8 23. Rb1 Qa7 24. Rb6 Nf5 25. Bf2 Bf8 26. Nxb7 Rxb7 27. Rxa6 Qb8 28. g4 Rb2 29. Qd1 Ng7 30. Rb6 Rxb6 31. axb6 Qxb6 32. Qa4 Na5 33. Ra1 Nc4 34. Qd7 Rd8 35. Qa7 Qxa7 36. Rxa7 Rb8 37. Ng5 Rb1+ 38. Kg2 Rb2 39. Kf1 Nd2+ 40. Ke1 Ne4 41. Nxf7 Rb1+ 42.
Bd1 h5 43. gxh5 Nxh5 0-1

[Event "*** SCC Grand Prix: Titled Tuesday Blitz"]
[Site "Chess.com"]
[Date "2020.07.14"]
[Round "1"]
[White "mortngabriel"]
[Black "Swarnapuri"]
[Result "1-0"]
[WhiteElo "2377"]
[BlackElo "2669"]
[TimeControl "180+1"]
[EndTime "10:07:52 PDT"]
[Termination "mortngabriel won by resignation"]

1. Nf3 Nc6 2. d4 d5 3. c4 Bg4 4. cxd5 Bxf3 5. gxf3 Qxd5 6. e3 e6 7. Nc3 Qh5 8. Be2 O-O-O 9. f4 Qh4 10. Bf3 Nge7 11. Bd2 g5 12. fxg5 h6 13. g6 fxg6 14. Rc1 Bg7 15. Qb3 Qh3 16. Be4 Rhf8 17. Na4 Qh4 18.
Qxe6+ Kb8 19. Rf1 Rd6 20. Qb3 Qxe4 21. Nc5 Nxd4 22. Nxe4 Nxb3 23. axb3 Rd5 24. Bc3 Be5 25. Ke2 Nc6 26. h4 a5 27. Rg1 Rg8 28. f4 Bxc3 29. bxc3 Rdd8 30. Rg2 Ne7 31. Rd1 Rge8 32. Rxd8+ Rxd8 33. Rg1 Re8 34. Nf6 Rd8 35. Ng4 h5 36. Ne5 Rd6 37. e4 b5 38. Ra1 Ra6 39. Nd7+ Kc8 40.
Nc5 Ra8 41. Ke3 Nc6 42. Rg1 Ne7 43. f5 c6 44. f6 Ng8 45. f7 Kc7 46. f8=Q Rxf8 47.
Ne6+ Kd6 48. Nxf8 Ne7 49. Nxg6 1-0

[Event "*** SCC Grand Prix: Titled Tuesday Blitz"]
[Site "Chess.com"]
[Date "2020.07.14"]
[Round "1"]
[White "AlexOstrovskiy"]
[Black "korkmaz16"]
[Result "1-0"]
[WhiteElo "2634"]
[BlackElo "2319"]
[TimeControl "180+1"]
[EndTime "10:07:52 PDT"]
[Termination "AlexOstrovskiy won by resignation"]

1. d4 d5 2. Bf4 Nf6 3. e3 c5 4. dxc5 Nc6 5. Bb5 Qa5+ 6. Nc3 e6 7. a3 Ne4 8. Ne2 Nxc3 9. Nxc3 Be7 10. b4 Qd8 11.
O-O Bf6 12. Qd2 O-O 13. Rad1 Bd7 14. Be2 Rc8 15. Nb5 a6 16. Nd6 Rc7 17. Bg3 Na7 18.
c4 Ba4 19. Rc1 Rd7 20. cxd5 exd5 21. Qxd5 Nb5 22. Bg4 Rxd6 23. cxd6 Nc3 24. Rxc3 Bxc3 25. Qxb7 Bb5 26. Rc1 Qf6 27. Qe7 Qxe7 28. dxe7 Re8 29. Rxc3 h5 30. Rc8 hxg4 31. Rxe8+ Bxe8 32. Kf1 f5 33.
f3 Kf7 34. Bd6 Ke6 35. Bc5 gxf3 36. gxf3 Bc6 37. Kf2 g6 38. h4 Kf7 39. Kg3 Bd5 40. Kf4 Bc6 41. e4 fxe4 42. fxe4 Bb7 43. Ke5 Bc6 44.
Bd6 Ke8 45. Kd4 Kf7 46. e5 Ke6 47. Kc5 Be8 48. Kb6 Bb5 49. a4 Bxa4 50. Kxa6 Be8 51. Kb6 g5 52. hxg5 Kd5 53. Kc7 Kc4 54. Kd8 1-0

[Event "*** SCC Grand Prix: Titled Tuesday Blitz"]
[Site "Chess.com"]
[Date "2020.07.14"]
[Round "1"]
[White "chesslh19"]
[Black "LawrenceTrent"]
[Result "0-1"]
[WhiteElo "2150"]
[BlackElo "2512"]
[TimeControl "180+1"]
[EndTime "10:07:53 PDT"]
[Termination "LawrenceTrent won by resignation"]

1. e4 e5 2. Nf3 Nc6 3. Bb5 a6 4.
Ba4 Nf6 5. O-O Bc5 6. c3 O-O 7. d4 Ba7 8. dxe5 Nxe4 9. Nbd2 d5 10. exd6 Nxd6 11. Bc2 Bf5 12. Nb3 Qf6 13. Bg5 Qg6 14. Bxf5 Nxf5 15. Bf4 Rad8 16. Qc2 Rd7 17. Rad1 Rfd8 18.
Rxd7 Rxd7 19. Rd1 Qe6 20. Rxd7 Qxd7 21. Qd2 Qxd2 22. Nbxd2 Nd6 23. Kf1 Kf8 24. Bxd6+ cxd6 25. Ke2 d5 26. Nb3 Ke7 27. Nbd4 g6 28. Kd3 Kd6 29. Ng5 Ne5+ 30. Ke2 h6 31. Ngf3 Nc4 32. b3 Na5 33. Kd3 Nc6 34. Nxc6 bxc6 35. Nd4 c5 36. Ne2 c4+ 37. bxc4 dxc4+ 38. Kxc4 Bxf2 39. h3 f5 40. a4 g5 41. Kd3 Kc5 42. g4 f4 43. Nc1 Kd5 44.
Nb3 Ba7 45. c4+ Ke5 46. Nd2 Be3 47. Nf3+ Kd6 48. Ke4 Kc5 49. Ne5 Bd4 50. Nf7 Kxc4 51. Nxh6 Bf6 52. Nf7 Kb4 53. Kf5 f3 54. Kxf6 f2 55.
Kxg5 f1=Q 56. Ne5 Qc1+ 57. Kg6 Kxa4 58. h4 Qf4 59. Nf7 Qxg4+ 0-1

[Event "*** SCC Grand Prix: Titled Tuesday Blitz"]
[Site "Chess.com"]
[Date "2020.07.14"]
[Round "1"]
[White "realmadridtv"]
[Black "Grischuk"]
[Result "0-1"]
[WhiteElo "2451"]
[BlackElo "3053"]
[TimeControl "180+1"]
[EndTime "10:07:56 PDT"]
[Termination "Grischuk won by resignation"]

1. e4 c5 2. Nf3 d6 3. Nc3 Nf6 4. e5 dxe5 5. Nxe5 a6 6. g3 Qd6 7. Nf3 Nc6 8. Bg2 Bg4 9. O-O e6 10. h3 Bh5 11. d3 Qc7 12. Bf4 Bd6 13. Bxd6 Qxd6 14. Ne4 Qe7 15. Qe1 O-O 16. Qc3 Nd7 17. g4 Bg6 18. Ng3 Rac8 19. Rfe1 Rfd8 20. a4 Nb6 21. Ne5 Nd4 22. f4 Nd5 23. Qd2 f6 24.
Nxg6 hxg6 25. f5 gxf5 26. Nxf5 Qf7 27. Ng3 e5 28. Qf2 Nf4 29. Rad1 b5 30. axb5 axb5 31. Bf1 b4 32. c3 Nde6 33. Kh2 Qg6 34. Nf5 Rc7 35. d4 cxd4 36. cxd4 Qf7 37. dxe5 Rxd1 38. Rxd1 fxe5 39. Re1 Qf6 40. Bg2 g6 41. Ng3 b3 42.
Ne4 Qe7 43. Rd1 Rc2 44. Rd2 Nd4 45. Rxc2 bxc2 46. Qd2 Nfe2 47. Ng5 c1=Q 48. Bd5+ Kg7 49. Ne6+ Nxe6 50. Qxc1 Nxc1 0-1

[Event "*** SCC Grand Prix: Titled Tuesday Blitz"]
[Site "Chess.com"]
[Date "2020.07.14"]
[Round "1"]
[White "RoelandPruijssers"]
[Black "SameerMujumdar"]
[Result "1-0"]
[WhiteElo "2590"]
[BlackElo "2278"]
[TimeControl "180+1"]
[EndTime "10:07:56 PDT"]
[Termination "RoelandPruijssers won by resignation"]

1. e4 c5 2. Nf3 e6 3. d4 cxd4 4. Nxd4 a6 5. Bd3 g6 6. O-O Bg7 7. Nf3 Qc7 8. c3 Nc6 9. Nbd2 Nge7 10. Qe2 O-O 11. a4 d5 12. g3 Bd7 13. exd5 Nxd5 14. Ne4 Ne5 15. Nxe5 Qxe5 16. h4 Bc6 17. Rd1 Rad8 18.
Bg5 f6 19. Bc1 f5 20. Ng5 Qxe2 21. Bxe2 Rfe8 22. Bd2 h6 23. Nf3 e5 24. Be1 Rd7 25. c4 Nb6 26. a5 Nc8 27. Rxd7 Bxd7 28. Bc3 Bc6 29. Rd1 Kf7 30. b4 Bxf3 31. Bxf3 e4 32. Bxg7 Kxg7 33. Be2 Kf7 34. Rd7+ Re7 35. Rd8 Re8 36.
Rd7+ Re7 37. Rd8 Re8 38. Rd4 Ke7 39. f3 exf3 40. Bxf3 Nd6 41. c5 Nb5 42. Rd3 Rb8 43. Kf2 Na7 44. Re3+ Kd7 45. Bd5 Nc6 46. Rb3 Nd4 47.
Rd3 Nc6 48. Bf7+ Kc7 49. Bxg6 Ne5 50. Rd6 Rd8 51. Rxd8 Kxd8 52. Bxf5 Nc6 53. Be4 Nxb4 54. Bxb7 Nd3+ 55. Ke3 Nxc5 56. Bd5 Ke7 57. Kd4 Nd7 58.
Bc4 Nb8 59. Kc5 Kf6 60. Kb6 1-0

[Event "*** SCC Grand Prix: Titled Tuesday Blitz"]
[Site "Chess.com"]
[Date "2020.07.14"]
[Round "1"]
[White "Vse_po_kaify"]
[Black "boasovietica"]
[Result "0-1"]
[WhiteElo "1988"]
[BlackElo "2463"]
[TimeControl "180+1"]
[EndTime "10:07:56 PDT"]
[Termination "boasovietica won by resignation"]

1. e4 e5 2. Nf3 Nc6 3. Bb5 a6 4.
Ba4 Nf6 5. O-O Be7 6. d3 b5 7. Bb3 O-O 8. c3 d6 9. a4 Bb7 10. a5 Nb8 11. Nbd2 Nbd7 12. Re1 Re8 13. Nf1 h6 14.
Ng3 Nf8 15. Nf5 Ng6 16. N3h4 Nxh4 17. Nxh4 Nxe4 18. Nf5 Nf6 19. Bxh6 gxh6 20. Nxh6+ Kg7 21. Nf5+ Kf8 22. Qd2 Ng8 23. Qe3 Bg5 24. Qh3 Qf6 25. g4 Nh6 26. Ng3 Qf4 27. Qh5 Qxg4 28. Qxg4 Nxg4 29.
Ne4 Bf4 30. h3 Nh6 31. Nf6 Red8 32. Kf1 Ke7 33. Nh5 Rg8 34. Nxf4 Kd7 35. Nd5 Rg6 36.
Ne3 Rag8 37. Ke2 c6 38. Kd2 d5 39. Ng4 Nxg4 40. hxg4 Kd6 41. Bd1 f6 42. Bf3 Rh6 43. Rh1 Rgh8 44. Rxh6 Rxh6 45. Rh1 Rxh1 46. Bxh1 c5 47.
Ke3 d4+ 0-1

[Event "*** SCC Grand Prix: Titled Tuesday Blitz"]
[Site "Chess.com"]
[Date "2020.07.14"]
[Round "1"]
[White "Vandros57"]
[Black "vanImpe"]
[Result "0-1"]
[WhiteElo "2125"]
[BlackElo "2504"]
[TimeControl "180+1"]
[EndTime "10:07:58 PDT"]
[Termination "vanImpe won on time"]

1. d4 g6 2. e4 Bg7 3. Nc3 c5 4.
Nf3 cxd4 5. Nxd4 Nc6 6. Be3 Nf6 7. Be2 O-O 8. O-O d5 9. exd5 Nxd5 10. Nxd5 Qxd5 11. Bf3 Qc4 12. c3 Rd8 13. Qe2 Qxe2 14.
Nxe2 Ne5 15. Nd4 Nxf3+ 16. Nxf3 Be6 17. Bd4 Bc4 18. Rfe1 Bf8 19. Ne5 Bd5 20. f3 f6 21.
Ng4 Kf7 22. b3 e5 23. Bf2 Be6 24. h3 b6 25. c4 Rd2 26. Red1 Rad8 27. Rxd2 Rxd2 28.
Be3 Rc2 29. Nf2 f5 30. Nd3 Bg7 31. Nb4 Re2 32. Bf2 e4 33. Re1 exf3 34. gxf3 Rb2 35. Nd3 Rxa2 36. Nf4 Bd7 37. Bh4 Bd4+ 38. Kh1 Bc5 39.
Nd5 Bc6 40. b4 Bxd5 41. cxd5 Bxb4 42. Rd1 Bd6 43. Bg5 f4 44. h4 b5 45. Rc1 Rd2 46. Rc6 Rxd5 47. Ra6 Bc5 48. Bxf4 Rf5 49. Bb8 Rxf3 50. Bxa7 Bxa7 51. Rxa7+ Kg8 52. Rb7 Rb3 53. h5 gxh5 54. Kg1 h4 55. Kh1 Rb2 56. Kg1 h3 57.
Kh1 b4 58. Kg1 b3 59. Kh1 Kf8 60. Kg1 Ke8 61. Rxh7 Rc2 62. Rb7 b2 0-1

[Event "*** SCC Grand Prix: Titled Tuesday Blitz"]
[Site "Chess.com"]
[Date "2020.07.14"]
[Round "1"]
[White "natelleka"]
[Black "PotapovaM"]
[Result "0-1"]
[WhiteElo "2100"]
[BlackElo "2486"]
[TimeControl "180+1"]
[EndTime "10:07:58 PDT"]
[Termination "PotapovaM won by checkmate"]

1. e4 c5 2. Nf3 d6 3. d4 cxd4 4. Nxd4 Nf6 5. Nc3 a6 6. a4 e5 7. Nf3 Qc7 8. Be2 Be7 9. O-O h6 10. Re1 O-O 11. Bf1 Be6 12. Nd5 Nxd5 13. exd5 Bg4 14.
Ra3 Nd7 15. h3 Bh5 16. Rc3 Qd8 17. Be3 e4 18. g4 exf3 19. gxh5 Bf6 20. Bd4 Bxd4 21.
Qxd4 Ne5 22. Rxe5 dxe5 23. Qxe5 Qh4 24. Rxf3 Rae8 25. Qf4 Qxh5 26. c4 Re1 27. Kg2 Qg6+ 28. Rg3 Qh5 29. Bd3 Qd1 30. Qg4 Qxg4 31. hxg4 Rd8 32. Re3 Rd1 33. Kf3 Kf8 34. Kf4 g6 35. Re2 Rxd3 36. Ke5 Ke7 37. Rc2 f6+ 38. Ke4 Rd1 39.
Ke3 b6 40. Ke4 Kd6 41. Ke3 Re8+ 42. Kf3 Rd3+ 43. Kg2 f5 44. gxf5 gxf5 45. b4 f4 46.
c5+ bxc5 47. bxc5+ Kxd5 48. c6 Rc8 49. c7 Kd6 50. Kf1 Rxc7 51. Rb2 f3 52. Ke1 Rc1# 0-1

[Event "*** SCC Grand Prix: Titled Tuesday Blitz"]
[Site "Chess.com"]
[Date "2020.07.14"]
[Round "1"]
[White "supertfc"]
[Black "David_Paravyan"]
[Result "0-1"]
[WhiteElo "2438"]
[BlackElo "2942"]
[TimeControl "180+1"]
[EndTime "10:07:59 PDT"]
[Termination "David_Paravyan won on time"]

1. e4 e5 2. Nf3 Nc6 3. Bc4 d6 4. d4 Bg4 5. dxe5 Nxe5 6. Be2 Nxf3+ 7. Bxf3 Bxf3 8. Qxf3 Qf6 9. Qe2 Qe6 10. Nc3 c6 11. Bf4 Nf6 12. O-O-O Be7 13. Rhe1 Nd7 14. Bg3 b5 15. Qd3 Nc5 16. Qd4 O-O 17. Bxd6 Bxd6 18. Qxd6 b4 19. Qxe6 fxe6 20. Nb1 Rxf2 21. Rd2 Raf8 22. g3 a5 23. c3 h6 24. Kc2 Rxd2+ 25.
Kxd2 Rf2+ 26. Re2 Nxe4+ 27. Ke3 Rxe2+ 28. Kxe2 bxc3 29. bxc3 Kf7 30. Kd3 Nd6 31. Kd4 Ke7 32.
Kc5 Kd7 33. Na3 Kc7 34. Kd4 Nb5+ 35. Nxb5+ cxb5 36. Kc5 e5 37. Kxb5 Kd6 38. c4 e4 39.
c5+ Kc7 40. Kc4 Kc6 41. Kd4 a4 42. Kxe4 Kxc5 43. Kd3 Kb4 44. Kc2 Ka3 45. Kb1 h5 46.
h4 g6 47. Ka1 Kb4 48. Kb2 a3+ 49. Kc2 Kc4 0-1

[Event "*** SCC Grand Prix: Titled Tuesday Blitz"]
[Site "Chess.com"]
[Date "2020.07.14"]
[Round "1"]
[White "ChessWarrior7197"]
[Black "Siemba"]
[Result "1-0"]
[WhiteElo "2856"]
[BlackElo "2423"]
[TimeControl "180+1"]
[EndTime "10:07:59 PDT"]
[Termination "ChessWarrior7197 won by resignation"]

1. e4 d5 2. exd5 Nf6 3. d4 Bg4 4. Be2 Bxe2 5. Nxe2 Qxd5 6. O-O Nc6 7. Nbc3 Qh5 8. d5 O-O-O 9. Nf4 Qxd1 10. Rxd1 Nb4 11. a3 Nxc2 12. Ra2 e5 13. dxe6 Rxd1+ 14. Nxd1 Bd6 15.
exf7 Nd4 16. Kf1 Rf8 17. b4 Rxf7 18. Nd3 Ng4 19. h3 Ne5 20. Nxe5 Bxe5 21. Ne3 Nb3 22. Bb2 Nd2+ 23. Ke2 Bxb2 24. Rxb2 Ne4 25. f3 Ng3+ 26. Ke1 Re7 27. Kf2 Nh1+ 28. Ke2 Ng3+ 29. Kd3 Rd7+ 30. Kc4 c6 31. a4 a6 32. a5 Re7 33. Rb3 Kc7 34. Rd3 Nh5 35. Nf5 Rf7 36. Nd4 Nf4 37. Rd2 Re7 38. h4 g6 39. Nb3 Nd5 40. Nc5 Re3 41.
Nd3 Kd6 42. Kd4 Re7 43. f4 Rf7 44. Rf2 Re7 45. g4 Nf6 46. Ne5 Nd5 47. Nc4+ Kc7 48. f5 gxf5 49. gxf5 Nxb4 50. f6 Rf7 51. Ne5 Rf8 52.
f7 Kd6 53. Rf6+ Ke7 54. Rh6 Nd5 55. Rxh7 Nf4 56. Ke4 Nd5 57. Ng6+ Ke6 58. Nxf8+ Ke7 59. Ng6+ 1-0

[Event "*** SCC Grand Prix: Titled Tuesday Blitz"]
[Site "Chess.com"]
[Date "2020.07.14"]
[Round "1"]
[White "jens1102"]
[Black "Sam_ChessMood"]
[Result "1/2-1/2"]
[WhiteElo "2424"]
[BlackElo "2815"]
[TimeControl "180+1"]
[EndTime "10:07:59 PDT"]
[Termination "Game drawn by repetition"]

1. c4 e5 2. g3 d5 3. cxd5 Qxd5 4.
Nf3 Nc6 5. Nc3 Qd8 6. Bg2 Nf6 7. O-O h6 8. d3 Bd6 9. Nd2 O-O 10. Nc4 Re8 11.
Nxd6 cxd6 12. a3 d5 13. b4 Bf5 14. Bb2 Qd7 15. Na4 b6 16. Rc1 Rac8 17. Re1 Bh3 18.
Bh1 Qf5 19. e4 dxe4 20. dxe4 Qe6 21. Qf3 h5 22. Bg2 Bxg2 23. Kxg2 Red8 24. Red1 Rxd1 25. Rxd1 Ne7 26. Rc1 Rxc1 27. Bxc1 Nc6 28. Bg5 Nd4 29. Qd3 Ne8 30. Nc3 Nc7 31. Be3 Qd6 32. Bxd4 exd4 33.
Ne2 Ne6 34. f4 Qc6 35. f5 Ng5 36. Nxd4 Qxe4+ 37. Qxe4 Nxe4 38. Nc6 a6 39. a4 Nd6 40. a5 bxa5 41. bxa5 Kf8 42. f6 gxf6 43. Nb8 Nc4 44.
Nxa6 Nxa5 45. Nc5 Kg7 46. Ne4 Nc6 47. Nd6 Ne5 48. Nf5+ Kg6 49. Ne7+ Kg5 50. h4+ Kh6 51.
Nd5 Kg6 52. Nf4+ Kh6 53. Nd5 Ng4 54. Kf3 Ne5+ 55. Kg2 1/2-1/2

[Event "*** SCC Grand Prix: Titled Tuesday Blitz"]
[Site "Chess.com"]
[Date "2020.07.14"]
[Round "1"]
[White "Witik"]
[Black "annazero"]
[Result "1-0"]
[WhiteElo "2669"]
[BlackElo "2345"]
[TimeControl "180+1"]
[EndTime "10:08:00 PDT"]
[Termination "Witik won on time"]

1. d4 d5 2. Bf4 c5 3. e3 Nc6 4. c3 Qb6 5. Qb3 c4 6. Qc2 e5 7. dxe5 Bf5 8. Qxf5 Qxb2 9. e6 fxe6 10. Qxe6+ Nge7 11. Nf3 Qxa1 12. Nd2 Qxa2 13. Be2 Nd8 14. Qh3 Nf7 15. O-O g6 16. e4 Bg7 17. exd5 O-O 18.
d6 Nf5 19. Bxc4 Qa4 20. g4 b5 21. gxf5 bxc4 22. fxg6 hxg6 23. Ne4 Rae8 24. Nbd2 Qc6 25. Qg2 Qd7 26. Qxg6 Qe6 27. Qg3 Kh8 28. Re1 Qf5 29. Re3 Bh6 30. Rf3 Rg8 31. Bg5 Rxg5 32. Rxf5 Rxg3+ 33. hxg3 Ne5 34. f4 Nd7 35. Kg2 Bg7 36. Kf3 a5 37. Nxc4 a4 38. Ra5 Rc8 39. Rxa4 Kg8 40.
g4 Kf8 41. g5 Rb8 42. f5 Be5 43. f6 Kf7 44. Kg4 Ke6 45. Ra7 Kd5 46. Rxd7 Kxc4 47. Re7 Kd5 48. Kf5 1-0

[Event "*** SCC Grand Prix: Titled Tuesday Blitz"]
[Site "Chess.com"]
[Date "2020.07.14"]
[Round "1"]
[White "ellatambien"]
[Black "Euge_chess"]
[Result "1-0"]
[WhiteElo "2481"]
[BlackElo "2005"]
[TimeControl "180+1"]
[EndTime "10:08:00 PDT"]
[Termination "ellatambien won on time"]

1. e4 e5 2. Nf3 Nc6 3. d4 exd4 4. Nxd4 Bc5 5. Nb3 Bb6 6. Nc3 d6 7. Bf4 Nf6 8. Qd2 O-O 9. O-O-O a5 10. a4 Be6 11. Bg5 Bxb3 12. cxb3 h6 13. Bxf6 Qxf6 14. f4 Nd4 15. Bc4 c6 16. Kb1 Rfd8 17. Ka2 Rac8 18. h4 Bc5 19. g4 Nf3 20. Qc1 Nd4 21. g5 Qe7 22. gxh6 Bb4 23. Rxd4 d5 24. Be2 dxe4 25.
Qg1 f5 26. Rxd8+ Rxd8 27. Qxg7+ Qxg7 28. hxg7 Kxg7 29. Rd1 Rh8 30. Rd7+ Kf6 31. h5 b6 32.
Rc7 c5 33. Nd5+ Ke6 34. Nxb4 axb4 35. Rc6+ Kd5 36. Rxb6 e3 37. a5 Ke4 38. a6 Kxf4 39.
a7 Ra8 40. Rb7 Kg3 41. h6 Kf2 42. Bh5 f4 43. h7 1-0

[Event "*** SCC Grand Prix: Titled Tuesday Blitz"]
[Site "Chess.com"]
[Date "2020.07.14"]
[Round "1"]
[White "ChainsOfFantasia"]
[Black "teacher4chess"]
[Result "1-0"]
[WhiteElo "2471"]
[BlackElo "2009"]
[TimeControl "180+1"]
[EndTime "10:08:01 PDT"]
[Termination "ChainsOfFantasia won by checkmate"]

1. c4 e6 2. Nc3 Nf6 3. e4 d5 4.
e5 Nfd7 5. d4 dxc4 6. Bxc4 Nb6 7. Bb3 c5 8. Nf3 Nc6 9. O-O cxd4 10. Nb5 Be7 11. Re1 O-O 12. Nbxd4 Bd7 13. Bf4 Nd5 14. Bxd5 exd5 15. Rc1 Rc8 16. Qb3 Qb6 17. Qxb6 axb6 18. h3 Bb4 19. Red1 Nxd4 20. Nxd4 Rxc1 21. Rxc1 Rc8 22.
Rxc8+ Bxc8 23. Kf1 Bd7 24. Ke2 Kf8 25. Kd3 Bc5 26. Nc2 Bxf2 27. Be3 Bxe3 28. Nxe3 Bc6 29. Kd4 Ke7 30. Nf5+ Kf8 31. g3 Bd7 32. g4 Bxf5 33.
gxf5 g6 34. f6 h5 35. h4 Ke8 36. Kxd5 Kd7 37. a4 b5 38. axb5 b6 39. b3 Ke8 40.
e6 fxe6+ 41. Kxe6 g5 42. hxg5 h4 43. g6 h3 44. g7 h2 45. g8=Q# 1-0

[Event "*** SCC Grand Prix: Titled Tuesday Blitz"]
[Site "Chess.com"]
[Date "2020.07.14"]
[Round "1"]
[White "SHIVACalypso"]
[Black "Shield12"]
[Result "0-1"]
[WhiteElo "2419"]
[BlackElo "2835"]
[TimeControl "180+1"]
[EndTime "10:08:02 PDT"]
[Termination "Shield12 won by resignation"]

1. Nf3 c5 2. c4 Nc6 3. g3 g6 4. Bg2 Bg7 5. O-O e6 6. Nc3 Nge7 7. d3 O-O 8. e4 d5 9. cxd5 exd5 10. Bd2 dxe4 11. dxe4 b6 12. Bg5 h6 13. Qxd8 Rxd8 14.
Bxe7 Nxe7 15. Rad1 Bb7 16. Nd2 Nc6 17. f4 Bd4+ 18.
Kh1 Nb4 19. Ndb1 Nc2 20. Rd2 Ne3 21. Re1 Nxg2 22. Kxg2 f5 23. Rde2 Re8 24. Kf3 Re7 25. Nd2 Rae8 26. g4 Kf7 27. h4 h5 28. gxh5 gxh5 29.
Rg2 Bxc3 30. bxc3 Rxe4 31. Nxe4 Bxe4+ 32. Rxe4 Rxe4 33. Rg5 Kf6 34. Rxh5 Ra4 35. Rh6+ Kg7 36. Rh5 Kg6 37. Rg5+ Kf6 38. h5 Rxa2 39. Rg6+ Kf7 40. Rh6 Ra3 41. Rh7+ Kf6 42. Rc7 Rxc3+ 43. Kg2 Re3 44. Rxa7 Re7 45. Ra6 Rb7 46. Kg3 c4 47. Kf3 Ke6 48. Ke3 Kd5 49. Kd2 Kd4 50. Kc2 Rh7 51. Rxb6 Rxh5 52. Rd6+ Ke4 53. Kc3 Kxf4 54. Kxc4 Rh1 55. Kd3 Rd1+ 56. Ke2 Rxd6 0-1

[Event "*** SCC Grand Prix: Titled Tuesday Blitz"]
[Site "Chess.com"]
[Date "2020.07.14"]
[Round "1"]
[White "heyiampotato"]
[Black "winniethepooh04"]
[Result "1-0"]
[WhiteElo "2532"]
[BlackElo "2196"]
[TimeControl "180+1"]
[EndTime "10:08:03 PDT"]
[Termination "heyiampotato won on time"]

1. d4 Nf6 2. Nf3 g6 3. Nbd2 Bg7 4. e4 O-O 5. e5 Nd5 6. c4 Nb6 7. c5 Nd5 8. Bc4 c6 9. Ne4 b6 10. h4 Ba6 11. Bxa6 Nxa6 12. h5 bxc5 13. hxg6 fxg6 14. Nfg5 h6 15. Nf3 cxd4 16. Bxh6 Bxh6 17. Rxh6 Kg7 18. Qd2 Nf4 19. Rh2 Nb4 20. Kf1 Qb6 21.
g3 Qb5+ 22. Kg1 Ne2+ 23. Kg2 Rxf3 24. Qh6+ Kf7 25. Ng5+ Ke8 26. Qxg6+ Kd8 27. Nxf3 Kc7 28. Rh7 Rf8 29. Rxe7 Kc8 30. Re8+ Rxe8 31. Qxe8+ Kc7 32. e6 Nd3 33. Qxd7+ Kb6 34. Nxd4 Nxd4 35. Qxd4+ c5 36. Qd6+ Ka5 37. Qc7+ Ka4 38. b3+ Ka3 39. Qxa7+ Kb2 40.
Rd1 Qc6+ 41. f3 Qxe6 42. Rxd3 Qe2+ 43. Kh3 Qxd3 44. Qxc5 Qxf3 45. Qe5+ Kxa2 46. b4 Qh1+ 47. Kg4 Qd1+ 48. Kf5 1-0

[Event "*** SCC Grand Prix: Titled Tuesday Blitz"]
[Site "Chess.com"]
[Date "2020.07.14"]
[Round "1"]
[White "Falia-p"]
[Black "AnishOnYoutube"]
[Result "0-1"]
[WhiteElo "2421"]
[BlackElo "2846"]
[TimeControl "180+1"]
[EndTime "10:08:04 PDT"]
[Termination "AnishOnYoutube won on time"]

1. e4 c5 2. Nf3 e6 3. d4 cxd4 4.
Nxd4 Nc6 5. Nc3 Qc7 6. Be3 a6 7.
Qf3 Nf6 8. O-O-O d6 9. h3 Nxd4 10. Bxd4 e5 11. Be3 h6 12. g4 Be6 13. g5 hxg5 14.
Bxg5 Be7 15. Kb1 Rc8 16. Bd3 b5 17. Bxf6 Bxf6 18. Nd5 Bxd5 19. exd5 Rh4 20. Bf5 Rb8 21. Rhg1 Ke7 22. Bg4 Qc4 23. Qf5 Rb7 24. Rg3 b4 25. Qc8 Rc7 26. Qf5 g6 27. Qd3 a5 28. Rf3 Rh8 29. Re1 Qxd3 30. Rxd3 Rc4 31. a3 Rb8 32. axb4 Rcxb4 33. b3 a4 34. Bd1 axb3 35. Rxb3 Rxb3+ 36. cxb3 Rb5 37. f4 Rxd5 38. fxe5 dxe5 39.
Bc2 Rd4 40. Re4 Rd2 41. b4 Rh2 42. Re3 Bg7 43. b5 Rh1+ 44. Ka2 Kd6 45. b6 f5 46. Rc3 Ra1+ 47. Kxa1 e4 48. Kb2 g5 49. b7 Bxc3+ 50.
Kxc3 Kc7 51. Kd4 Kxb7 52. Ke5 g4 53. h4 g3 0-1

[Event "*** SCC Grand Prix: Titled Tuesday Blitz"]
[Site "Chess.com"]
[Date "2020.07.14"]
[Round "1"]
[White "Lagmantr"]
[Black "Forantes"]
[Result "0-1"]
[WhiteElo "2657"]
[BlackElo "2361"]
[TimeControl "180+1"]
[EndTime "10:08:04 PDT"]
[Termination "Forantes won by resignation"]

1. Nf3 Nf6 2. g3 g6 3. Bg2 Bg7 4. O-O O-O 5. b3 d5 6. Bb2 c5 7. d3 Nc6 8. Nbd2 Re8 9. e4 e5 10. exd5 Nxd5 11. Re1 b6 12. Nc4 f6 13. a4 Bb7 14. a5 b5 15. a6 Bc8 16. Na3 Bxa6 17.
Nxb5 Bxb5 18. c4 Bxc4 19. dxc4 Ndb4 20. Nd2 Rc8 21. Bc3 Qd3 22. Bxb4 Nxb4 23. Rxa7 Red8 24. Qg4 Qxd2 25. Qe6+ Kh8 26. Rea1 Qd6 27. Qf7 Qf8 28. Qe6 Rd6 29. Qg4 Rcd8 30. h4 f5 31. Qe2 e4 32.
R1a5 Nc6 33. Rb5 Nxa7 34. Rb7 R6d7 35. Rb6 Rd1+ 36. Kh2 R1d6 37. Rb7 Nc6 38. h5 Nd4 39. Qe3 R6d7 40. Rb6 Bh6 41. Qc3 g5 42. b4 Qe8 43.
bxc5 Qxh5+ 44. Bh3 Bg7 45. Qe1 Nf3+ 46. Kg2 Nxe1+ 0-1